 Dungeon Crawl Stone Soup version bcrawl-1.28.4 (webtiles) character file.

Game seed: 6297122439488254905

206821 Morbidden the Ducker (level 6, -2/41 HPs)
             Began as a Fairy Archaeologist on Jan 4, 2021.
             Was a Believer of Qazlal.
             Slain by a worker ant (5 damage)
             ... while paralysed
             ... on level 4 of the Dungeon.
             The game lasted 00:06:21 (2635 turns).

Morbidden the Ducker (Fairy Archaeologist)          Turns: 2635, Time: 00:06:22

Health: -2/41      AC: 11    Str: 11    XL:     6   Next: 61%
Magic:  11/11      EV:  3    Int: 20    God:    Qazlal [**....]
Gold:   234        SH:  0    Dex: 10    Spells: 9/9 levels left

rFire    . . .     SeeInvis +   a - +0 dagger
rCold    + . .     Gourm    .   (shield restricted)
rNeg     . . .     Faith    .   (armour unavailable)
rPois    .         Spirit   .   c - +1 hat
rElec    .         Reflect  .   (no cloak)
rCorr    +         Harm     .   (no gloves)
MR       .....                  g - +4 pair of boots of Idealism {*Drain rC+ rCorr Str+2}
Stlth    +.........             (no amulet)
HPRegen  0.13/turn              x - ring of see invisible
MPRegen  0.12/turn              (no ring)

@: paralysed, lethally poisoned (-2 -> -28), flying evasively, fainting
A: small, magic attunement, unstealthy, unfitting armour, able to fly, AC/SH +5
a: Stop Flying, Upheaval, Renounce Religion


You were on level 4 of the Dungeon.
You worshipped Qazlal.
Qazlal was pleased with you.
You were fainting.

You visited 1 branch of the dungeon, and saw 4 of its levels.

You collected 234 gold pieces.

Inventory:

Hand Weapons
 a - a +0 dagger (weapon)
 b - a +0 hunting sling
 o - a +0 blowgun
Missiles
 h - 76 curare-tipped needles
 j - 331 stones (quivered)
 k - 439 sling bullets
 p - 42 poisoned needles
Armour
 c - a +1 hat (worn)
 g - the +4 pair of boots of Idealism (worn) {*Drain rC+ rCorr Str+2}
   (You acquired it on level 3 of the Dungeon)

   It affects your strength (+2).
   It protects you from cold.
   It provides partial protection from all sources of acid and corrosion.
   It causes draining when unequipped.
Jewellery
 x - a ring of see invisible (left hand)
Wands
 z - a wand of enslavement (2)
Scrolls
 f - a scroll of magic mapping
 m - 2 scrolls of fog {unknown}
 r - a scroll of immolation {unknown}
 v - a scroll of noise {unknown}
 y - a scroll of identify
 A - a scroll of teleportation {unknown}
Potions
 i - a potion of lignification {unknown}
 l - a potion of degeneration {unknown}
 n - a potion of might
 q - a potion of mutation {unknown}
 s - 2 potions of heal wounds {unknown}
 t - a potion of invisibility {unknown}
 u - 2 potions of magic {unknown}
Comestibles
 e - 8 rations {!d}


   Skills:
 * Level 2.5 Fighting
   Level 0.7 Maces & Flails
 + Level 2.8 Slings
 * Level 5.4 Dodging
 - Level 2.5 Stealth
 * Level 2.4 Spellcasting
 * Level 2.1 Invocations
 + Level 0.1 Evocations


You had 9 spell levels left.
You didn't know any spells.
Your spell library was empty.

Dungeon Overview and Level Annotations

Branches:
Dungeon (4/12)
 Temple: D:4-7

Altars:
Cheibriados
Gozag
Lugonu
Qazlal
Ru
Trog


Innate Abilities, Weirdness & Mutations

Your spells do not cause hunger and MP costs are reduced by 1.
Your bright wings attract enemies. (Stealth-)
You cannot fit into any form of body armour.
Your shimmering scales are hard and can block incoming attacks. (AC +5, SH +5)
You are small and have problems with some larger weapons.
You can fly continuously.


Message History

You are more poisoned.
The worker ant poisons you!
The crimson imp hits you but does no damage.
You feel sick. The worker ant bites you.
* * * LOW HITPOINT WARNING * * *
You are lethally poisoned!
The worker ant poisons you!
The crimson imp hits you but does no damage.
* * * LOW HITPOINT WARNING * * *
You feel sick.
The worker ant bites you but does no damage.
The crimson imp hits you but does no damage.
* * * LOW HITPOINT WARNING * * *
You feel sick. The worker ant bites you.
* * * LOW HITPOINT WARNING * * *
You are more poisoned.
The worker ant poisons you!
The crimson imp hits you but does no damage.
The worker ant bites you.
You die...

######## #....5@#
##...##a# #8...8#o#
##...##.# #..^##.#
##...##.. #8...8###
### ####...####
####8###8##...##8###8


You could see a worker ant, a crimson imp and an orc.

Vanquished Creatures
  A water moccasin (D:3)
  A scorpion (D:4)
  2 orc wizards (D:4)
  A howler monkey skeleton (D:3)
  4 adders
  3 worms
  2 dart slugs (D:2)
  3 leopard geckos
  8 orcs
  7 goblins
  5 hobgoblins
  6 jackals (D:3)
  2 quokkas (D:2)
  A ball python (D:2)
  3 bats
  A frilled lizard (D:1)
  7 kobolds
  8 rats
65 creatures vanquished.

Vanquished Creatures (collateral kills)
  A worker ant (D:3)
1 creature vanquished.

Grand Total: 66 creatures vanquished

Notes
Turn   | Place    | Note
-------+----------+-------------------------------------------
     0 | D:1      | Morbidden the Fairy Archaeologist began the quest for the
                  | Orb.
     0 | D:1      | Reached XP level 1. HP: 12/12 MP: 3/3
   223 | D:1      | Reached skill level 1 in Fighting
   337 | D:1      | Reached XP level 2. HP: 17/18 MP: 4/4
   550 | D:2      | Found a stormy altar of Qazlal.
   581 | D:2      | Became a worshipper of Qazlal Stormbringer
   812 | D:2      | Reached XP level 3. HP: 23/23 MP: 5/5
   944 | D:2      | Found a bloodstained altar of Trog.
   944 | D:2      | Found a faded altar of an unknown god.
   962 | D:2      | Found a corrupted altar of Lugonu.
   970 | D:2      | Reached skill level 1 in Spellcasting
   975 | D:2      | Found a sacrificial altar of Ru.
   976 | D:2      | Found a snail-covered altar of Cheibriados.
  1027 | D:2      | Reached skill level 1 in Slings
  1324 | D:3      | Reached * piety under Qazlal
  1380 | D:3      | Reached XP level 4. HP: 27/28 MP: 7/7
  1438 | D:3      | Reached skill level 1 in Invocations
  1609 | D:3      | Found an opulent altar of Gozag.
  2208 | D:4      | Noticed a water moccasin
  2218 | D:3      | HP: 1/29 [poisoned by a water moccasin]
  2219 | D:3      | Reached XP level 5. HP: 1/34 MP: 9/9
  2219 | D:3      | Identified a scroll of acquirement
  2221 | D:3      | Reached skill level 5 in Dodging
  2221 | D:3      | Reached XP level 6. HP: 7/39 MP: 9/11
  2233 | D:3      | Identified the +4 pair of boots of Idealism {*Drain rC+
                  | rCorr Str+2} (You acquired it on level 3 of the Dungeon)
  2392 | D:4      | Reached ** piety under Qazlal
  2625 | D:4      | Paralysed by fainting for 12 turns
  2635 | D:4      | Slain by a worker ant

Skill      XL: |  1  2  3  4  5  6 |
---------------+-------------------+-----
Fighting       | 1 2 |  2.5
Spellcasting   | 1 2 |  2.4
Slings         | 1 2 |  2.8
Invocations    | 1 2 |  2.1
Dodging        | 5 |  5.4
Maces & Flails | |  0.7
Stealth        | |  2.5
Evocations     | |  0.1

Action                   |  1- 3 |  4- 6 || total
-------------------------+-------+-------++-------
Melee: Whip              |    19 |       ||    19
       Dagger            |    18 |   189 ||   207
 Fire: Hunting sling     |   157 |   140 ||   297
Evoke: Wand              |     1 |     2 ||     3
  Use: Potion            |     2 |     3 ||     5
       Scroll            |       |     1 ||     1
  Eat: Chunk             |     7 |    10 ||    17
Armor: Skin              |    28 |    70 ||    98
Dodge: Dodged            |   101 |   233 ||   334
Block: Other             |    26 |   129 ||   155
